 Dungeon Crawl Stone Soup version 0.31-a0-1616-gbeaec30b81 (webtiles) character file.

Game seed: 9443200140408578805

261493 Xavori the Stormcaller (level 21, -11/153 HPs)
             Began as a Djinni Chaos Knight on Jan 10, 2024.
             Was a Favourite Plaything of Xom.
             Mangled by a +2 glaive of protection (20 damage)
             ... on level 1 of the Elven Halls.
             The game lasted 01:26:54 (47346 turns).

Xavori the Stormcaller (Djinni Chaos Knight)       Turns: 47346, Time: 01:26:55

Health: -11/153    AC: 14    Str: 19      XL:     21   Next: 23%
Gold:   4124       EV: 26    Int: 13 (16) God:    Xom [*.....] SH: 21 Dex: 28 (29)

rFire   + + +        R - +1 scimitar (flame)
rCold   . . .        B - +2 kite shield
rNeg    . . .        t - +0 acid dragon scales
rPois   ∞            P - +1 hat
rElec   +            h - scarf of Indomitability {+Inv, rElec rPois}
rCorr   +            W - +2 pair of gloves {Dex+3}
SInv    .            (boots unavailable)
Will    +++..        z - amulet "Wueggec" {Reflect Regen+ Int+4 Slay+2 SH+5}
Stlth   ++           g - +6 ring of dexterity
HPRegen 1.25/turn    S - ring of protection from cold
MPRegen 0.00/turn

%: reflection, infuse magic (-12 HP)
@: flying, studying Air Magic
A: sickness immunity, fire resistance 3, cold vulnerability 1, float, innate
caster, HP casting, extra vitality 1, horns 1, dopey 1, strong-willed 1,
screaming 1, strong 2, inability to drink after injury 1, inability to read
after injury 1
}: 1/15 runes: gossamer
a: Renounce Religion, Evoke Invisibility


You were on level 1 of the Elven Halls.
You worshipped Xom.
You were a special plaything of Xom.
You visited 7 branches of the dungeon, and saw 33 of its levels.
You also visited: Bailey.

You collected 6135 gold pieces.
You spent 2011 gold pieces at shops.

Inventory:

Hand Weapons
 R - a +1 scimitar of flaming (weapon)
Armour
 h - the scarf of Indomitability (worn) {+Inv, rElec rPois}
   (You found it on level 4 of the Spider Nest)

   rElec:     It insulates you from electricity.
   rPois:     It protects you from poison
 t - +0 acid dragon scales (worn)
 y - a +1 cloak of willpower
 B - a +2 kite shield (worn)
 G - a scarf of resistance
 P - a +1 hat (worn)
 W - a +2 pair of gloves of dexterity (worn)
Jewellery
 g - a +6 ring of dexterity (left hand)
 z - the amulet "Wueggec" (around neck) {Reflect Regen+ Int+4 Slay+2 SH+5}
   (Xom gifted it to you on level 5 of the Dungeon)

   [amulet of reflection]

   Reflect:   It reflects blocked missile attacks.
   Int+4:     It affects your intelligence (+4).
   Slay+2:    It affects your accuracy & damage with ranged weapons and melee
   (+2).
   Regen+:    It increases your rate of health regeneration.
   SH+5:      It affects your SH (+5).
 E - an amulet of faith
 K - a +4 ring of slaying
 S - a ring of protection from cold (right hand)
 X - the amulet "Poujea" {Reflect rC++ Dex-5 SH+5}
   (You found it on level 14 of the Dungeon)

   [amulet of reflection]

   Reflect:   It reflects blocked missile attacks.
   Dex-5:     It affects your dexterity (-5).
   rC++:      It greatly protects you from cold.
   SH+5:      It affects your SH (+5).
 Y - a ring of protection from fire
Wands
 f - a wand of iceblast (15)
 o - a wand of charming (27)
 H - a wand of mindburst (6)
 L - a wand of quicksilver (16)
 Q - a wand of flame (24)
 U - a wand of digging (4)
Scrolls
 a - 2 scrolls of silence
 b - a scroll of brand weapon
 c - a scroll of butterflies
 k - 9 scrolls of teleportation
 l - 8 scrolls of identify
 m - 4 scrolls of enchant armour
 n - 4 scrolls of fog
 p - 4 scrolls of enchant weapon
 s - 5 scrolls of revelation
 w - 3 scrolls of summoning
 x - 5 scrolls of fear
 N - 7 scrolls of immolation
 T - 5 scrolls of poison
 Z - 2 scrolls of vulnerability
Potions
 d - 3 potions of resistance
 e - 7 potions of brilliance
 j - 3 potions of might
 q - 13 potions of curing
 r - 4 potions of heal wounds
 u - 5 potions of invisibility
 A - 3 potions of cancellation
 D - 2 potions of magic {unknown}
 F - 6 potions of enlightenment
 I - a potion of haste
 M - 7 potions of ambrosia
 O - 5 potions of mutation
 V - a potion of attraction
Miscellaneous
 v - a condenser vane
 C - a lightning rod (4/4)
 J - a phial of floods


   Skills:
 + Level 14.4 Fighting
 + Level 13.3 Long Blades
 + Level 14.2 Armour
 + Level 15.5 Dodging
 * Level 10.5 Shields
 * Level 14.2 Spellcasting
 * Level 14.2 Conjurations
 * Level 14.2 Hexes
 * Level 14.2 Summonings
 * Level 14.2 Necromancy
 * Level 14.2 Translocations
 * Level 14.2 Fire Magic
 * Level 14.2 Ice Magic
 * Level 17.5 Air Magic
 * Level 14.2 Earth Magic
 * Level 14.2 Alchemy
 - Level 12.0 Evocations


You knew the following spells:

 Your Spells              Type           Power      Damage    Failure   Level
a - Slow                  Hex            100%       N/A       1%          1
b - Momentum Strike       Conj/Tloc      92%        3d10      1%          2
c - Inner Flame           Hex/Fire       46%        N/A       1%          3
d - Confusing Touch       Hex            46%        N/A       1%          3
e - Fulminant Prism       Conj/Alch      23%        3d12      1%          4
f - Curse of Agony        Necr           46%        N/A       1%          5
g - Bombard               Conj/Erth      23%        9d4       8%          6
h - Haunt                 Necr/Summ      23%        N/A       38%         7
i - Malign Gateway        Summ/Tloc      23%        N/A       38%         7
j - Infestation           Necr           23%        N/A       97%         8
Your spell library was empty.

Dungeon Overview and Level Annotations

Branches:
Dungeon (15/15)            Temple (0/1) D:5            Lair (5/5) D:11
 Shoals (3/4) Lair:3       Spider (4/4) Lair:3        Slime (0/5) Lair:4
    Orc (2/2) D:12            Elf (1/3) Orc:2        Vaults (3/5) D:14
  Crypt (0/3) Vaults:2     Depths (0/4) D:15         Bailey (visited)

Altars:
Ashenzari
Elyvilon
Xom
Yredelemnul
Jiyva

Shops:
D:6 *   D:8 =   D:13 [   Orc:1 [   Orc:2 *?[   Shoals:2 *   Vaults:1 *

Annotations:
D:4 3 runed translucent doors, sirboomalot's ghost, amateur OpMo
D:9 exclusion: obsidian statue
Shoals:1 Roxanne
Spider:2 1 runed translucent door, tmcgee265's ghost, adept MfMo
Spider:4 Mara


Innate Abilities, Weirdness & Mutations

You are immune to sickness and miasma.
You are immune to poison.
Your flesh is almost immune to the effects of heat. (rF+++)
You are vulnerable to cold. (rC-)
You float through the air rather than walking.
You learn spells naturally, not from books.
Your magical power is your life essence.
You have superior vitality. (+4 MHP)
You have a pair of small horns on your head.
You are dopey. (Int -2)
You are strong-willed. (Will+)
You occasionally shout uncontrollably at your foes.
Your muscles are very strong. (Str +8, Int/Dex -2)
You occasionally lose the ability to drink potions when taking damage.
You occasionally lose the ability to read scrolls when taking damage.


Message History

You are too injured to fight recklessly!
Unknown command.
You are too injured to fight recklessly!
Unknown command.
A deep elf pyromancer comes into view. It is wielding a +0 short sword.
The deep elf pyromancer shouts!
Xom adds some personal touches to your environment.
Some fountains start gushing blood!
A door bursts open!
The air elemental misses you.
The air elemental fires a burst of electricity at you.
The stunning burst misses you.
The +2 glaive of protection completely misses you.
The air elemental hits you.
* * * LOW HITPOINT WARNING * * *
You miss the +2 glaive of protection.
You headbutt the +2 glaive of protection, but do no damage.
The air elemental completely misses you.
You block the +2 glaive of protection's attack.
You block the air elemental's attack.
Unknown command.
You slash the air elemental! You burn the air elemental.
The air elemental is heavily damaged.
You block the air elemental's attack. The air elemental barely misses you.
The +2 glaive of protection hits you!!
* * * LOW HITPOINT WARNING * * *
Unknown command.
You slice the air elemental!! You burn the air elemental!
You destroy the air elemental!
The +2 glaive of protection hits you!
* * * LOW HITPOINT WARNING * * *
You hit the +2 glaive of protection.
The +2 glaive of protection is lightly damaged.
You block the +2 glaive of protection's attack.
Unknown command.
You closely miss the +2 glaive of protection.
You headbutt the +2 glaive of protection, but do no damage.
The +2 glaive of protection is lightly damaged.
The +2 glaive of protection hits you!!
You die...
Xom laughs nastily!

....... ...⌠... .......
.⌠...⌠. #+# ##.......
#.# ##....⌠... #.#
##?(e...... #.# #..@####
###'## ##.).##'###
##...## .'.⌠.##....###
'.....##
#..#...#....^.'# ###
.......#
#.###.##.......####.####
.......# #.#
#...........##.....#
...)...# #.#
#...........##.....#
#.....## #.#
#...........''.....#
##...## #.#
#...........##'...##


You could see a deep elf pyromancer and a +2 glaive of protection.

Vanquished Creatures
  Sojobo (Vaults:2)
  Arachne (Spider:1)
  Jorgrun (Orc:1)
  A lich (Vaults:2)
  Agnes (D:14)
  2 tengu reavers (Vaults:2)
  An azure jelly (Spider:3)
  A fenstrider witch (Spider:4)
  4 emperor scorpions
  3 vault wardens
  11 slime creatures
  Louise (D:15)
  4 ghost moths
  2 orc warlords (Vaults:1)
  5 ironbound preservers
  2 ironbound thunderhulks (Vaults:2)
  A stone giant (Vaults:2)
  A formless jellyfish (Vaults:2)
  The ghost of Ucadoall the Warrior, a journeyman BaHu of Nemelex Xobeh (D:14)
  6 war gargoyles (Vaults:2)
  4 spark wasps
  6 dire elephants
  4 merfolk impalers
  An ettin (Orc:2)
  A yaktaur captain (Vaults:1)
  A vault guard (Vaults:2)
  7 entropy weavers
  A rakshasa (D:13)
  2 great orbs of eyes
  9 hydras
  A peacekeeper (Vaults:2)
  2 catoblepae
  25 centaur warriors
  A jorogumo (Spider:4)
  4 ironbound frosthearts
  Erica (Lair:3)
  8 boulder beetles
  3 merfolk aquamancers
  9 two-headed ogres
  A dancing weapon (Orc:2)
  8 death scarabs
  6 demonic crawlers
  A satyr (Shoals:2)
  10 death yaks
  4 orc high priests (Orc:2)
  4 skysharks
  10 pharaoh ants
  4 skeletal warriors (D:14)
  9 deep trolls
  A shadow wraith (D:14)
  5 sea snakes
  A glowing orange brain (Vaults:1)
  7 orb spiders
  A flayed ghost (D:14)
  2 arcanists
  2 sun moths
  7 lindwurms
  2 phantasmal warriors (D:14)
  2 spectral wolf spiders (Spider:4)
  2 deep elf zephyrmancers (Elf:1)
  9 steelbarb worms
  15 orc knights
  2 ironbound convokers (Vaults:2)
  7 harpies
  3 orc sorcerers (Orc:2)
  A broodmother zombie (Spider:4)
  5 deep elf pyromancers
  18 wolf spiders
  13 fauns
  A wolf spider (shapeshifter) (Spider:2)
  8 cyclopes
  9 ugly things
  Maurice (D:7)
  4 moths of wrath (Spider:4)
  10 manticores
  A meliai (shapeshifter) (Lair:1)
  6 kobold blastminers
  9 meliai
  6 merfolk sirens
  7 vault sentinels
  A black mamba (shapeshifter) (D:13)
  2 water nymphs
  8 elephants (Lair:5)
  3 black mambas
  11 torpor snails
  An eye of devastation (Lair:5)
  2 spectral redbacks (Spider:4)
  9 cane toads
  7 rime drakes
  11 komodo dragons
  4 unseen horrors
  2 redback zombies (Spider:4)
  An efreet (D:15)
  10 yaktaurs
  9 trolls
  3 tyrant leeches (Lair:5)
  7 polar bears
  27 merfolk
  3 wind drakes
  Prince Ribbit (D:6)
  18 hornets
  4 jumping spider zombies (Spider:4)
  10 blink frogs
  A spectral culicivora (Spider:4)
  A snapping turtle (Shoals:3)
  2 spectral jumping spiders (Spider:4)
  3 spectral tarantellas (Spider:4)
  26 tarantellas
  4 dream sheep
  16 jumping spiders
  Sigmund (D:3)
  A centaur simulacrum (D:15)
  An air elemental (Elf:1)
  A shadow (D:10)
  A spriggan (shapeshifter) (Lair:5)
  30 culicivoras
  A wyvern (Lair:5)
  A wraith (D:10)
  26 yaks
  3 vampires
  11 water elementals
  4 basilisks
  A wyvern (shapeshifter) (D:13)
  2 vampire mosquitoes (D:12)
  76 redbacks
  A warg (Orc:2)
  Grum (D:10)
  A steam dragon (Lair:1)
  4 acid dragons
  25 water moccasins
  2 swamp drakes
  55 orc warriors
  5 ice beasts
  3 black bears
  3 sky beasts
  A tengu (Spider:1)
  9 boggarts
  8 centaurs
  17 ogres
  26 wolves
  A centaur (shapeshifter) (D:14)
  2 phantoms
  4 kobold brigands (D:14)
  9 bullfrogs
  A gnoll sergeant (D:8)
  2 earth elementals (Elf:1)
  6 scorpions
  4 wights
  Dowan (D:5)
  6 killer bees (D:8)
  5 electric eels
  2 howler monkeys (D:14)
  6 hounds
  2 gnoll boudas
  2 jellies (Lair:4)
  38 orc priests
  2 iguanas
  35 orc wizards
  Ijyb (D:3)
  23 adders
  14 gnolls
  A white imp (D:8)
  4 ufetubi
  2 dart slugs (D:1)
  A ribbon worm (D:3)
  109 orcs
  5 ball pythons
  8 endoplasms
  3 giant cockroaches
  11 goblins
  7 hobgoblins
  9 jackals
  5 quokkas
  10 bats
  3 frilled lizards
  17 kobolds
  6 rats
1259 creatures vanquished.

Vanquished Creatures (collateral kills)
  An orc warlord (Orc:2)
  A spark wasp (Spider:3)
  2 war gargoyles (Vaults:2)
  A peacekeeper (Vaults:2)
  2 merfolk avatars (Shoals:1)
  A radroach (Spider:3)
  A skyshark (Shoals:2)
  A deep elf pyromancer (D:12)
  An ugly thing (D:15)
  A faun (Shoals:2)
  A merfolk (Shoals:1)
  A water elemental (Shoals:2)
  A culicivora (Spider:3)
  A redback (Spider:1)
  3 orc warriors
  3 killer bees (D:8)
  An orc priest (Orc:2)
  A bombardier beetle (D:5)
  An adder (D:2)
  A gnoll (Bailey)
  5 orcs
  A kobold (Bailey)
32 creatures vanquished.

Vanquished Creatures (others)
  A dancing weapon (Bailey)
  An ogre mage (D:14)
  A lindwurm (Lair:5)
  An arcanist (Vaults:2)
  A jumping spider (Spider:2)
  A redback (Spider:2)
  Duvessa (D:5)
  2 orcs (Orc:2)
  A kobold zombie (D:4)
  2 fulminant prisms
12 creatures vanquished.

Grand Total: 1303 creatures vanquished

Notes
Turn   | Place    | Note
-------+----------+-------------------------------------------
     0 | D:1      | Xavori the Djinni Chaos Knight began the quest for the Orb.
     0 | D:1      | Reached XP level 1. HP: 20/20 MP: 0/0
   127 | D:1      | Reached XP level 2. HP: 25/25 MP: 0/0
   249 | D:1      | XOM: divination: detect items
   425 | D:1      | XOM: noise
   452 | D:1      | Reached XP level 3. HP: 30/30 MP: 0/0
   452 | D:1      | Learned a level 1 spell: Slow
   481 | D:1      | Reached skill level 1 in Spellcasting
   481 | D:1      | Reached skill level 1 in Conjurations
   481 | D:1      | Reached skill level 1 in Hexes
   481 | D:1      | Reached skill level 1 in Summonings
   481 | D:1      | Reached skill level 1 in Necromancy
   481 | D:1      | Reached skill level 1 in Translocations
   481 | D:1      | Reached skill level 1 in Fire Magic
   481 | D:1      | Reached skill level 1 in Ice Magic
   481 | D:1      | Reached skill level 1 in Air Magic
   481 | D:1      | Reached skill level 1 in Earth Magic
   481 | D:1      | Reached skill level 1 in Alchemy
   601 | D:1      | XOM: cloud trail
   756 | D:1      | XOM: god gift: wand of iceblast (8)
  1231 | D:1      | XOM: scenery: summon butterflies
  1270 | D:1      | XOM: give mutations
  1270 | D:1      | Gained mutation: Your natural rate of healing is unusually
                  | fast. [Xom's grace]
  1270 | D:1      | Gained mutation: You are robust. (+10% HP) [Xom's grace]
  1270 | D:1      | Gained mutation: You passively map a small area around you.
                  | [Xom's grace]
  1479 | D:2      | XOM: smoke on damage
  1482 | D:2      | Reached XP level 4. HP: 35/38 MP: 0/0
  1486 | D:2      | XOM: give mutations
  1486 | D:2      | Gained mutation: You are agile. (Dex +4, Str/Int -1) [Xom's
                  | grace]
  1486 | D:2      | Gained mutation: Your muscles are strong. (Str +4, Int/Dex
                  | -1) [Xom's grace]
  1575 | D:2      | Found a white marble altar of Elyvilon.
  1754 | D:2      | XOM: cloud trail
  1927 | D:2      | XOM: give mutation
  1927 | D:2      | Gained mutation: You expend health (3 HP) to strengthen
                  | your wands. [Xom's grace]
  2071 | D:3      | Noticed Sigmund
  2076 | D:3      | XOM: silly message
  2088 | D:3      | Killed Sigmund
  2089 | D:3      | Reached skill level 2 in Air Magic
  2089 | D:3      | Reached skill level 1 in Evocations
  2089 | D:3      | Reached XP level 5. HP: 42/45 MP: 0/0
  2089 | D:3      | Learned a level 2 spell: Momentum Strike
  2089 | D:3      | Reached XP level 6. HP: 48/51 MP: 0/0
  2105 | D:3      | XOM: stat loss: -1 Dex (16/17)
  2275 | D:3      | Noticed Ijyb
  2275 | D:3      | XOM: repel stairs
  2288 | D:3      | Killed Ijyb
  2562 | D:4      | Found a runed translucent gate.
  2562 | D:4      | Found a runed translucent gate.
  2563 | D:4      | Found a runed translucent gate.
  2566 | D:4      | Noticed sirboomalot's ghost (amateur OpMo)
  2780 | D:4      | XOM: fog
  2795 | D:4      | Reached XP level 7. HP: 55/56 MP: 0/0
  2795 | D:4      | Learned a level 3 spell: Inner Flame
  3058 | D:4      | XOM: summons 3 hostile shadow creatures
  3059 | D:4      | Noticed a water moccasin
  3087 | D:3      | XOM: god gift: 2 silver javelins
  3285 | D:3      | XOM: give mutation
  3285 | D:3      | Gained mutation: You are very robust. (+20% HP) [Xom's
                  | grace]
  3646 | D:5      | Entered Level 5 of the Dungeon
  3648 | D:5      | XOM: cast spell 'Animate Armour'
  3676 | D:5      | XOM: summons friendly crimson imp
  3740 | D:5      | XOM: summons friendly crimson imp
  3746 | D:5      | Reached skill level 3 in Air Magic
  3746 | D:5      | Reached XP level 8. HP: 54/69 MP: 0/0
  3811 | D:5      | Found a staircase to the Ecumenical Temple.
  3823 | D:5      | XOM: god gift: chain mail {god gift}
  4025 | D:5      | Identified the amulet "Wueggec" {Reflect Regen+ Int+4
                  | Slay+2 SH+5} (Xom gifted it to you on level 5 of the
                  | Dungeon)
  4025 | D:5      | XOM: god gift: amulet "Wueggec" {Reflect Regen+ Int+4
                  | Slay+2 SH+5}
  4085 | D:5      | Noticed Duvessa
  4087 | D:5      | Noticed Dowan
  4098 | D:5      | Killed Duvessa
  4102 | D:5      | Killed Dowan
  4405 | D:6      | XOM: scenery: create altars
  4441 | D:6      | XOM: destruction
  4442 | D:6      | XOM: fog
  4543 | D:6      | an ice beast changed into a blink frog
  4543 | D:6      | Noticed a blink frog
  4544 | D:6      | Killed a blink frog
  4545 | D:6      | Reached skill level 5 in Fighting
  4545 | D:6      | Reached skill level 5 in Dodging
  4545 | D:6      | Reached XP level 9. HP: 78/78 MP: 0/0
  4545 | D:6      | Learned a level 3 spell: Confusing Touch
  4591 | D:6      | Reached skill level 4 in Air Magic
  4649 | D:6      | Found Luqisius's Assorted Antiques.
  4684 | D:6      | Bought a scroll of teleportation for 72 gold pieces
  4684 | D:6      | Bought a scroll labelled YXKISY ORYTH for 24 gold pieces
  4684 | D:6      | Bought an inky potion for 21 gold pieces
  4684 | D:6      | Bought a bubbling yellow potion for 21 gold pieces
  4684 | D:6      | Bought an inky potion for 21 gold pieces
  4705 | D:6      | XOM: divination: detect items
  4706 | D:6      | XOM: divination: detect creatures
  4731 | D:6      | Noticed Prince Ribbit
  4732 | D:6      | XOM: enchant monster (good)
  4738 | D:6      | Killed Prince Ribbit
  4739 | D:6      | Reached skill level 5 in Long Blades
  5152 | D:7      | XOM: 6-stop teleportation journey
  5160 | D:7      | XOM: enchant monster (good)
  5252 | D:7      | Reached skill level 5 in Armour
  5280 | D:7      | Reached XP level 10. HP: 68/86 MP: 0/0
  5401 | D:7      | Noticed Maurice
  5404 | D:7      | Something stole 109 gold
  5548 | D:7      | Killed Maurice
  5549 | D:7      | Reached skill level 5 in Spellcasting
  5549 | D:7      | Reached skill level 5 in Conjurations
  5549 | D:7      | Reached skill level 5 in Hexes
  5549 | D:7      | Reached skill level 5 in Summonings
  5549 | D:7      | Reached skill level 5 in Necromancy
  5549 | D:7      | Reached skill level 5 in Translocations
  5549 | D:7      | Reached skill level 5 in Fire Magic
  5549 | D:7      | Reached skill level 5 in Ice Magic
  5549 | D:7      | Reached skill level 5 in Air Magic
  5549 | D:7      | Reached skill level 5 in Earth Magic
  5549 | D:7      | Reached skill level 5 in Alchemy
  5549 | D:7      | Reached skill level 5 in Evocations
  5576 | D:7      | XOM: summons 5 hostile demons
  5577 | D:7      | XOM: smoke on damage
  5653 | D:7      | XOM: noise
  5802 | D:7      | XOM: cloud trail
  5981 | D:8      | XOM: god gift: 60 gold pieces
  6083 | D:8      | Found Qiedonn's Jewellery Shoppe.
  6085 | D:8      | XOM: summons 10 friendly demons
  6231 | D:8      | XOM: cloud trail
  6363 | D:8      | XOM: cleaving
  6371 | D:8      | XOM: potion effect (invisibility)
  6538 | D:8      | XOM: summons friendly iron imp
  6694 | D:9      | Identified the +0 leather armour of Neol {^Drain Str+4
                  | Int+4 SInv}
  6774 | D:9      | XOM: 1-stop teleportation journey
  6934 | D:9      | XOM: noise
  6943 | D:9      | XOM: enchant monster (good)
  7071 | D:5      | XOM: god gift: runed hand cannon {god gift}
  7254 | D:9      | Noticed an obsidian statue
  7408 | D:9      | XOM: god gift: green potion {god gift}
  7591 | D:9      | XOM: give mutations
  7591 | D:9      | Gained mutation: You have a pair of small horns on your
                  | head. [Xom's grace]
  7591 | D:9      | Gained mutation: You have hidden genetic potential. [Xom's
                  | grace]
  7591 | D:9      | Gained mutation: You are strong-willed. (Will+) [Xom's
                  | grace]
  7591 | D:9      | Gained mutation: You are partially covered in iridescent
                  | scales. (AC +2) [Xom's grace]
  7641 | D:10     | Entered Level 10 of the Dungeon
  7787 | D:10     | XOM: cloud trail
  7898 | D:10     | XOM: give mutation
  7898 | D:10     | Gained mutation: Potions are less effective at restoring
                  | your health. [Xom's mischief]
  7900 | D:10     | Found a flagged portal.
  7911 | D:10     | Reached XP level 11. HP: 93/93 MP: 0/0
  7911 | D:10     | Learned a level 4 spell: Fulminant Prism
  7918 | Bailey   | Entered a bailey
  7945 | Bailey   | Noticed an orc knight
  7946 | Bailey   | Noticed an orc knight
  8011 | Bailey   | Reached skill level 6 in Air Magic
  8033 | Bailey   | XOM: enchant monster (good)
  8055 | Bailey   | XOM: noise
  8060 | Bailey   | Killed an orc knight
  8240 | Bailey   | Killed an orc knight
  8364 | D:10     | Noticed Grum
  8377 | D:10     | Killed Grum
  8416 | D:10     | Noticed a two-headed ogre
  8416 | D:10     | XOM: divination: detect items
  8422 | D:10     | Killed a two-headed ogre
  8428 | D:10     | Gained mutation: Your spells are a little harder to cast,
                  | but a little more powerful. [hidden potential]
  8547 | D:10     | XOM: 2-stop teleportation journey
  8633 | D:10     | Identified the +1 cloak of Stained Knowledge {*Slow Will+
                  | MP+9 SInv}
  8858 | D:10     | XOM: silly message
  8905 | D:10     | XOM: silly message
  9043 | D:10     | XOM: potion effect (invisibility)
  9266 | D:10     | XOM: silly message
  9326 | D:11     | XOM: silly message
  9352 | D:11     | Noticed a two-headed ogre
  9361 | D:11     | XOM: silly message
  9362 | D:11     | Killed a two-headed ogre
  9378 | D:11     | Found a staircase to the Lair.
  9440 | D:11     | Noticed a cyclops
  9449 | D:11     | Killed a cyclops
  9461 | D:11     | XOM: 2-stop teleportation journey
  9547 | D:11     | XOM: smoke on damage
  9763 | D:11     | XOM: give mutation
  9763 | D:11     | Lost mutation: You have hidden genetic potential. [Xom's
                  | mischief]
  9836 | D:11     | Identified the +7 quarterstaff "Meumuec" {protect, rC++
                  | Will+ Int+5} (Xom gifted it to you on level 11 of the
                  | Dungeon)
  9836 | D:11     | XOM: god gift: +7 quarterstaff "Meumuec" {chaos, rC++ Will+
                  | Int+5}
  9865 | D:11     | Reached XP level 12. HP: 101/103 MP: 0/0
  9914 | Lair:1   | Entered Level 1 of the Lair of Beasts
  9926 | Lair:1   | XOM: summons friendly white imp
  9941 | Lair:1   | XOM: confuse monster(s)
  9957 | Lair:1   | XOM: confuse monster(s)
  9960 | Lair:1   | Reached skill level 7 in Air Magic
 10028 | Lair:1   | XOM: give mutations
 10028 | Lair:1   | Lost mutation: You expend health (3 HP) to strengthen your
                  | wands. [Xom's mischief]
 10028 | Lair:1   | Lost mutation: Your muscles are strong. (Str +4, Int/Dex
                  | -1) [Xom's mischief]
 10028 | Lair:1   | Lost mutation: Your spells are a little harder to cast, but
                  | a little more powerful. [Xom's mischief]
 10028 | Lair:1   | Lost mutation: Your natural rate of healing is unusually
                  | fast. [Xom's mischief]
 10110 | Lair:1   | XOM: scenery: summon butterflies
 10327 | Lair:1   | XOM: scenery: create altars
 10340 | Lair:1   | XOM: scenery: summon butterflies
 10402 | Lair:1   | XOM: enchant monster (good)
 10427 | Lair:1   | XOM: noise
 10427 | Lair:1   | XOM: butterfly on damage
 10435 | Lair:1   | XOM: draining
 10444 | Lair:1   | XOM: swap monsters
 10451 | Lair:1   | XOM: snakes to sticks
 10475 | Lair:1   | XOM: summons friendly shadow imp
 10692 | Lair:1   | XOM: god gift: 54 gold pieces
 10706 | Lair:2   | XOM: polymorph yak -> swamp drake
 10718 | Lair:1   | XOM: polymorph yak -> shapeshifter
 10787 | Lair:2   | Noticed a five-headed hydra
 10834 | Lair:1   | XOM: cleaving
 10837 | Lair:1   | XOM: noise
 10849 | Lair:1   | Killed a seven-headed hydra
 10931 | Lair:2   | XOM: confuse monster(s)
 10955 | Lair:2   | XOM: cast spell 'Animate Armour'
 11215 | Lair:2   | XOM: silly message
 11238 | Lair:2   | Reached XP level 13. HP: 111/111 MP: 0/0
 11238 | Lair:2   | Learned a level 5 spell: Curse of Agony
 11328 | Lair:2   | XOM: summons 5 friendly demons
 11331 | Lair:2   | Reached skill level 8 in Air Magic
 11338 | Lair:2   | Noticed Erica
 12113 | Lair:2   | XOM: god gift: 13 gold pieces
 12385 | Lair:3   | Noticed an eight-headed hydra
 12524 | Lair:2   | XOM: god gift: bubbling dark potion {god gift}
 12852 | Lair:3   | an eight-headed hydra changed into a sea snake
 12852 | Lair:3   | XOM: polymorph eight-headed hydra -> sea snake
 13003 | Lair:3   | XOM: god gift: +0 hat of stealth
 13018 | Lair:3   | Killed Erica
 13043 | Lair:3   | Noticed an eight-headed hydra
 13050 | Lair:3   | Killed a six-headed hydra
 13053 | Lair:3   | XOM: summons 2 friendly demons
 13082 | Lair:3   | XOM: fake destruction
 13085 | Lair:3   | XOM: summons friendly white imp
 13255 | Lair:3   | Found a hole to the Spider Nest.
 13305 | Lair:3   | Found a broken altar of Ashenzari.
 13439 | Lair:3   | XOM: divination: magic mapping
 13718 | Lair:3   | Found a staircase to the Shoals.
 13722 | Lair:3   | Reached skill level 10 in Dodging
 13817 | Lair:3   | XOM: silly message
 13833 | Lair:4   | XOM: potion effect (experience)
 13833 | Lair:4   | Reached skill level 9 in Air Magic
 13833 | Lair:4   | Reached XP level 14. HP: 121/122 MP: 0/0
 13838 | Lair:4   | XOM: silly message
 13883 | Lair:4   | XOM: silly message
 13905 | Lair:4   | XOM: enchant monster (good)
 13906 | Lair:4   | XOM: confuse monster(s)
 14088 | Lair:4   | XOM: 3-stop teleportation journey
 14093 | Lair:4   | Reached skill level 10 in Fighting
 14099 | Lair:4   | XOM: give mutation
 14253 | Lair:4   | XOM: give mutation
 14253 | Lair:4   | Gained mutation: You expend health (3 HP) to strengthen
                  | your wands. [Xom's grace]
 14324 | Lair:4   | Found a viscous altar of Jiyva.
 14325 | Lair:4   | Found a staircase to the Slime Pits.
 14340 | Lair:4   | XOM: summons friendly ufetubus
 14475 | Lair:4   | XOM: scenery: create altars
 14498 | Lair:4   | XOM: polymorph ufetubus -> shadow imp
 14596 | Lair:5   | Entered Level 5 of the Lair of Beasts
 14602 | Lair:5   | XOM: blink monster(s)
 14622 | Lair:5   | XOM: divination: detect items
 14631 | Lair:4   | XOM: enchant monster (bad)
 14852 | Lair:4   | Reached XP level 15. HP: 115/128 MP: 0/0
 14852 | Lair:4   | Learned a level 6 spell: Bombard
 14897 | Lair:3   | XOM: give mutation
 14897 | Lair:3   | Gained mutation: You are mostly covered in iridescent
                  | scales. (AC +4) [Xom's mischief]
 14899 | Lair:3   | XOM: noise
 15047 | Lair:5   | XOM: give mutations
 15047 | Lair:5   | Lost mutation: You are strong-willed. (Will+) [Xom's
                  | mischief]
 15047 | Lair:5   | Lost mutation: You are agile. (Dex +4, Str/Int -1) [Xom's
                  | mischief]
 15080 | Lair:5   | XOM: polymorph rime drake -> rime drake
 15281 | Lair:5   | XOM: polymorph death yak -> eye of devastation
 15289 | Lair:5   | XOM: fog
 15301 | Lair:5   | XOM: cast spell 'Metabolic Englaciation'
 15309 | Lair:5   | XOM: fake destruction
 15310 | Lair:5   | XOM: scenery: summon butterflies
 15324 | Lair:5   | XOM: destruction
 15338 | Lair:5   | XOM: polymorph butterfly -> scorpion
 15356 | Lair:5   | XOM: summons friendly white imp
 15619 | Lair:5   | XOM: blink monster(s)
 15623 | Lair:5   | Reached skill level 10 in Armour
 15626 | Lair:5   | XOM: smoke on damage
 15649 | Lair:5   | XOM: 1-stop teleportation journey
 15661 | Lair:5   | Reached skill level 10 in Air Magic
 15668 | Lair:5   | XOM: confuse monster(s)
 15672 | Lair:5   | XOM: swap monsters
 15720 | Lair:5   | Reached skill level 10 in Evocations
 15723 | Lair:5   | XOM: silly message
 15757 | Lair:5   | XOM: confusion (+ monsters)
 15769 | Lair:5   | Reached skill level 10 in Spellcasting
 15769 | Lair:5   | Reached skill level 10 in Conjurations
 15769 | Lair:5   | Reached skill level 10 in Hexes
 15769 | Lair:5   | Reached skill level 10 in Summonings
 15769 | Lair:5   | Reached skill level 10 in Necromancy
 15769 | Lair:5   | Reached skill level 10 in Translocations
 15769 | Lair:5   | Reached skill level 10 in Fire Magic
 15769 | Lair:5   | Reached skill level 10 in Ice Magic
 15769 | Lair:5   | Reached skill level 10 in Earth Magic
 15769 | Lair:5   | Reached skill level 10 in Alchemy
 15799 | Lair:5   | XOM: chaos cloud
 15815 | Lair:5   | XOM: 7-stop teleportation journey
 15878 | Lair:5   | XOM: 4-stop teleportation journey
 15880 | Lair:5   | XOM: chaos cloud
 15881 | Lair:5   | XOM: 5-stop teleportation journey
 15891 | Lair:5   | Identified the +4 flail of Qockam {flame, *Noise rC+
                  | Stlth+}
 16077 | Lair:5   | XOM: summons friendly crimson imp
 16093 | Lair:5   | XOM: summons friendly shadow imp
 16147 | Lair:5   | XOM: divination: magic mapping
 16188 | Lair:5   | XOM: noise
 16189 | Lair:5   | XOM: confusion
 16199 | Lair:5   | XOM: polymorph dream sheep -> shapeshifter
 16225 | Lair:5   | XOM: cast spell 'Disjunction'
 16287 | Lair:5   | XOM: chaos cloud
 16335 | Lair:5   | Reached skill level 10 in Long Blades
 16659 | Lair:5   | Upgraded the game from 0.31-a0-1612-g4aaf141004 to
                  | 0.31-a0-1616-gbeaec30b81
 16828 | D:12     | XOM: enchant monster (bad)
 16947 | D:12     | XOM: 1-stop teleportation journey
 17065 | D:12     | Reached skill level 11 in Air Magic
 17161 | D:12     | XOM: give mutation
 17161 | D:12     | Gained mutation: You are dopey. (Int -2) [Xom's mischief]
 17247 | D:12     | Reached XP level 16. HP: 110/138 MP: 0/0
 17287 | D:12     | Found a staircase to the Orcish Mines.
 17314 | Orc:1    | Entered Level 1 of the Orcish Mines
 17557 | Orc:1    | You are sucked into a shaft and drop 1 floor!
 17557 | Orc:2    | Entered Level 2 of the Orcish Mines
 17690 | Orc:1    | XOM: scenery: create altars
 17716 | Orc:1    | Found Tifem's Antique Armour Emporium.
 17719 | Orc:1    | Noticed Jorgrun
 17721 | Orc:1    | XOM: potion effect (brilliance)
 17735 | Orc:1    | XOM: summons 4 friendly demons
 17769 | Orc:1    | Killed Jorgrun
 18082 | Orc:2    | XOM: give mutations
 18082 | Orc:2    | Gained mutation: You have a pair of horns on your head.
                  | [Xom's grace]
 18082 | Orc:2    | Lost mutation: You are dopey. (Int -2) [Xom's grace]
 18082 | Orc:2    | Gained mutation: You have a pair of large horns on your
                  | head. [Xom's grace]
 18109 | Orc:2    | XOM: 3-stop teleportation journey
 18118 | Orc:2    | XOM: polymorph orc warrior -> jackal
 18169 | Orc:2    | XOM: destruction
 18268 | Orc:2    | XOM: fog
 18277 | Orc:2    | XOM: give mutations
 18277 | Orc:2    | Gained mutation: You are completely covered in iridescent
                  | scales. (AC +6) [Xom's grace]
 18277 | Orc:2    | Gained mutation: You passively map the area around you.
                  | [Xom's grace]
 18495 | Orc:2    | Identified the +0 robe "Nocreqek" {*Slow rC+ rN+ rCorr}
 18610 | Orc:2    | Found Dojoleen's Magic Scroll Shop.
 18618 | Orc:2    | XOM: 3-stop teleportation journey
 18662 | Orc:2    | Found Xereshrom's Magic Scroll Shoppe.
 18683 | Orc:2    | Found Ejedav's General Store.
 18775 | Orc:2    | XOM: give mutation
 18775 | Orc:2    | Gained mutation: You are extremely robust. (+30% HP) [Xom's
                  | grace]
 18795 | Orc:2    | XOM: god gift: 45 gold pieces
 18804 | Orc:2    | XOM: give mutations
 18804 | Orc:2    | Gained mutation: You are agile. (Dex +4, Str/Int -1) [Xom's
                  | grace]
 18804 | Orc:2    | Gained mutation: Your spells are a little harder to cast,
                  | but a little more powerful. [Xom's grace]
 19092 | Orc:2    | Found a staircase to the Elven Halls.
 19124 | Orc:2    | XOM: divination: detect items
 19182 | Orc:2    | XOM: potion effect (might)
 19184 | Orc:2    | XOM: cleaving
 19186 | Orc:2    | XOM: silly message
 19189 | Orc:2    | XOM: give mutations
 19189 | Orc:2    | Gained mutation: You are partially covered in large bone
                  | plates. (SH +4) [Xom's grace]
 19189 | Orc:2    | Gained mutation: Your muscles are strong. (Str +4, Int/Dex
                  | -1) [Xom's grace]
 19225 | Orc:2    | Found Ramiuf's Armour Shoppe.
 19259 | Orc:2    | XOM: 7-stop teleportation journey
 19276 | Orc:2    | Reached skill level 12 in Air Magic
 19327 | Orc:2    | Bought a scroll of teleportation for 54 gold pieces
 19327 | Orc:2    | Bought a scroll of fear for 72 gold pieces
 19327 | Orc:2    | Bought a scroll of teleportation for 54 gold pieces
 19327 | Orc:2    | Bought a scroll of identify for 36 gold pieces
 19327 | Orc:2    | Bought a scroll of teleportation for 54 gold pieces
 19327 | Orc:2    | Bought a scroll of identify for 36 gold pieces
 19327 | Orc:2    | Bought a scroll of identify for 36 gold pieces
 19367 | Orc:2    | XOM: swap monsters
 19450 | Orc:1    | Bought a runed kite shield for 247 gold pieces
 19761 | D:13     | XOM: scenery: summon butterflies
 19835 | D:13     | XOM: confuse monster(s)
 19973 | D:13     | XOM: god gift: plate armour {god gift}
 20009 | D:13     | Found Tatinuyr's Antique Armour Boutique.
 20023 | D:13     | Bought a glowing cloak for 165 gold pieces
 20038 | D:13     | XOM: give mutations
 20038 | D:13     | Lost mutation: Potions are less effective at restoring your
                  | health. [Xom's mischief]
 20038 | D:13     | Lost mutation: Your spells are a little harder to cast, but
                  | a little more powerful. [Xom's mischief]
 20038 | D:13     | Lost mutation: You have a pair of large horns on your head.
                  | [Xom's mischief]
 20135 | D:13     | XOM: torment (78/153 hp)
 20296 | D:14     | XOM: noise
 20488 | D:14     | Reached XP level 17. HP: 148/159 MP: 0/0
 20488 | D:14     | Learned a level 7 spell: Haunt
 20657 | D:14     | Found a gate to the Vaults.
 20677 | D:14     | XOM: cast spell 'Olgreb's Toxic Radiance'
 20691 | D:14     | XOM: noise
 20795 | D:14     | XOM: divination: magic mapping
 20948 | D:14     | XOM: 6-stop teleportation journey
 21023 | D:14     | XOM: silly message
 21069 | D:14     | Found a runed translucent gate.
 21069 | D:14     | Found a runed translucent gate.
 21069 | D:14     | Found a runed translucent gate.
 21070 | D:14     | Noticed Ucadoall's ghost (journeyman BaHu)
 21221 | D:14     | XOM: silly message
 21410 | D:14     | XOM: summons 7 friendly demons
 21438 | D:14     | Killed Ucadoall's ghost
 21465 | D:14     | Identified the amulet "Poujea" {Reflect rC++ Dex-5 SH+5}
 21490 | D:15     | Entered Level 15 of the Dungeon
 21490 | D:15     | Noticed Louise
 21490 | D:15     | Noticed Agnes
 21501 | D:14     | XOM: cleaving
 21506 | D:14     | Killed Agnes
 21512 | D:15     | XOM: divination: detect creatures
 21525 | D:15     | Killed Louise
 21537 | D:15     | Reached skill level 13 in Air Magic
 21597 | D:15     | XOM: enchant monster (good)
 21727 | D:15     | XOM: confuse monster(s)
 21804 | D:15     | Identified a scroll of acquirement
 21805 | D:15     | Acquired 1135 gold pieces
 21812 | D:15     | Found a staircase to the Depths.
 21951 | D:15     | XOM: divination: magic mapping
 21974 | D:15     | XOM: enchant monster (good)
 21977 | D:15     | XOM: noise
 22321 | Spider:1 | Entered Level 1 of the Spider Nest
 22490 | Spider:1 | XOM: repel stairs
 22600 | Spider:1 | XOM: scenery: summon butterflies
 22685 | Spider:1 | XOM: enchant monster (good)
 22763 | Spider:1 | XOM: destruction
 22768 | Spider:1 | XOM: cleaving
 22780 | Spider:1 | XOM: summons friendly crimson imp
 22958 | Spider:1 | XOM: enchant monster (good)
 22982 | Spider:1 | XOM: polymorph redback -> tengu
 22996 | Spider:1 | XOM: cast spell 'Disjunction'
 23010 | Spider:1 | XOM: god gift: 2 silver javelins
 23270 | Spider:1 | XOM: blink monster(s)
 23373 | Spider:2 | Noticed Arachne
 23376 | Spider:2 | XOM: fog
 23387 | Spider:1 | XOM: summons 3 friendly demons
 23392 | Spider:1 | XOM: fog
 23398 | Spider:1 | Reached XP level 18. HP: 39/169 MP: 0/0
 23412 | Spider:1 | Killed Arachne
 23474 | Spider:2 | Reached skill level 14 in Air Magic
 23511 | Spider:2 | XOM: give mutations
 23511 | Spider:2 | Gained mutation: You are strong-willed. (Will+) [Xom's
                  | grace]
 23511 | Spider:2 | Gained mutation: Your spells are a little harder to cast,
                  | but a little more powerful. [Xom's grace]
 23551 | Spider:2 | Found a runed translucent door.
 23551 | Spider:2 | Noticed tmcgee265's ghost (adept MfMo)
 23624 | Spider:2 | XOM: smoke on damage
 23631 | Spider:2 | XOM: scenery: create altars
 23754 | Spider:2 | XOM: confuse monster(s)
 23836 | Spider:2 | XOM: summons friendly shadow imp
 23974 | Spider:2 | XOM: 1-stop teleportation journey
 24109 | Spider:2 | XOM: divination: detect creatures
 24119 | Spider:2 | XOM: scenery: create altars
 24269 | Spider:2 | XOM: cloud trail
 24457 | Spider:3 | XOM: summons 2 friendly demons
 24467 | Spider:2 | XOM: polymorph wolf spider -> shapeshifter
 24552 | Spider:3 | XOM: cleaving
 24582 | Spider:3 | XOM: summons 6 friendly demons
 24672 | Spider:3 | XOM: cleaving
 24679 | Spider:3 | XOM: fog
 24898 | Spider:3 | XOM: cleaving
 25150 | Spider:3 | XOM: summons 7 friendly demons
 25254 | Spider:3 | XOM: polymorph spark wasp -> azure jelly
 25336 | Spider:3 | XOM: give mutations
 25336 | Spider:3 | Lost mutation: You expend health (3 HP) to strengthen your
                  | wands. [Xom's mischief]
 25336 | Spider:3 | Lost mutation: You passively map the area around you.
                  | [Xom's mischief]
 25475 | Spider:3 | XOM: give mutations
 25475 | Spider:3 | Lost mutation: You are agile. (Dex +4, Str/Int -1) [Xom's
                  | mischief]
 25475 | Spider:3 | Lost mutation: Your muscles are strong. (Str +4, Int/Dex
                  | -1) [Xom's mischief]
 25475 | Spider:3 | Lost mutation: Your spells are a little harder to cast, but
                  | a little more powerful. [Xom's mischief]
 25475 | Spider:3 | Lost mutation: You are extremely robust. (+30% HP) [Xom's
                  | mischief]
 25476 | Spider:3 | XOM: noise
 25573 | Spider:4 | Entered Level 4 of the Spider Nest
 25597 | Spider:4 | Noticed Mara
 25598 | Spider:4 | XOM: 4-stop teleportation journey
 25621 | Spider:4 | XOM: summons 1 hostile demon
 25630 | Spider:4 | Reached skill level 5 in Shields
 25634 | Spider:4 | Reached skill level 15 in Air Magic
 25919 | Spider:4 | Noticed Nikola
 25923 | Spider:4 | Nikola changed into Nikola the fenstrider witch
 25923 | Spider:4 | Noticed Nikola
 25923 | Spider:4 | XOM: polymorph Nikola -> Nikola the fenstrider witch
 25925 | Spider:4 | XOM: enchant monster (bad)
 25928 | Spider:4 | Killed Nikola the fenstrider witch
 26001 | Spider:4 | XOM: give mutations
 26001 | Spider:4 | Lost mutation: You are strong-willed. (Will+) [Xom's
                  | mischief]
 26001 | Spider:4 | Lost mutation: You are very robust. (+20% HP) [Xom's
                  | mischief]
 26115 | Spider:4 | XOM: 6-stop teleportation journey
 26174 | Spider:4 | XOM: polymorph culicivora -> deep troll
 26374 | Spider:4 | XOM: summons 1 hostile demon
 26521 | Spider:4 | Reached XP level 19. HP: 151/151 MP: 0/0
 26521 | Spider:4 | Learned a level 7 spell: Malign Gateway
 26521 | Spider:4 | XOM: polymorph redback -> faun
 26911 | Spider:4 | Identified the +0 leather armour "Koiwia Heub" {Int+5}
 26922 | Spider:4 | XOM: 2-stop teleportation journey
 26936 | Spider:4 | XOM: smoke on damage
 27090 | Spider:4 | XOM: confusion
 27111 | Spider:4 | XOM: silly message
 27174 | Spider:4 | XOM: enchant monster (bad)
 27182 | Spider:4 | Noticed Xavori's illusion
 27186 | Spider:4 | XOM: summons 10 hostile demons
 27329 | Spider:4 | XOM: summons 2 hostile shadow creatures
 27395 | Spider:4 | XOM: polymorph tarantella -> sun moth
 27417 | Spider:4 | XOM: noise
 27495 | Spider:4 | XOM: summons 9 hostile demons
 27503 | Spider:4 | HP: 1/151 [soul eater[Xom] (14)]
 27782 | Spider:4 | XOM: summons 2 hostile shadow creatures
 27869 | Spider:4 | XOM: summons 3 hostile demons
 27969 | Spider:4 | XOM: give mutation
 27969 | Spider:4 | Lost mutation: You are robust. (+10% HP) [Xom's mischief]
 28240 | Spider:4 | XOM: confuse monster(s)
 28288 | Spider:4 | Got a gossamer rune of Zot
 28291 | Spider:4 | Identified the scarf of Indomitability {+Inv, rElec rPois}
 28442 | Spider:4 | XOM: cloud trail
 28605 | Shoals:1 | Entered Level 1 of the Shoals
 28646 | Shoals:1 | XOM: divination: detect items
 28700 | Shoals:1 | XOM: potion effect (might)
 28701 | Shoals:1 | XOM: noise
 28703 | Shoals:1 | XOM: divination: detect creatures
 28715 | Shoals:1 | XOM: divination: detect creatures
 28803 | Shoals:1 | Noticed Roxanne
 29217 | Shoals:1 | XOM: give mutations
 29217 | Shoals:1 | Gained mutation: You are clumsy. (Dex -2) [Xom's mischief]
 29217 | Shoals:1 | Lost mutation: You are partially covered in large bone
                  | plates. (SH +4) [Xom's mischief]
 29217 | Shoals:1 | Lost mutation: You are completely covered in iridescent
                  | scales. (AC +6) [Xom's mischief]
 29418 | Shoals:1 | XOM: noise
 29460 | Shoals:2 | XOM: noise
 29478 | Shoals:2 | XOM: noise
 29488 | Shoals:2 | XOM: 1-stop teleportation journey
 29733 | Shoals:2 | Reached skill level 16 in Air Magic
 29833 | Shoals:2 | Found Ybralue's Gadget Gallery.
 29850 | Shoals:2 | XOM: 1-stop teleportation journey
 29854 | Shoals:2 | XOM: summons 8 friendly demons
 29860 | Shoals:2 | XOM: god gift: scale mail {god gift}
 29896 | Shoals:2 | Bought a condenser vane for 720 gold pieces
 29896 | Shoals:2 | Bought a wand of quicksilver (5) for 378 gold pieces
 29977 | Shoals:2 | XOM: give mutations
 29977 | Shoals:2 | Lost mutation: You are mostly covered in iridescent scales.
                  | (AC +4) [Xom's mischief]
 29977 | Shoals:2 | Lost mutation: You passively map a small area around you.
                  | [Xom's mischief]
 29977 | Shoals:2 | Gained mutation: You are dopey. (Int -2) [Xom's mischief]
 29977 | Shoals:2 | Gained mutation: You are very vulnerable to cold. (rC--)
                  | [Xom's mischief]
 30501 | Spider:2 | XOM: god gift: wand of charming (4)
 30626 | Lair:3   | XOM: scenery: create altars
 30696 | D:11     | XOM: give mutations
 30696 | D:11     | Gained mutation: You have very sharp teeth. [Xom's grace]
 30696 | D:11     | Lost mutation: You are clumsy. (Dex -2) [Xom's grace]
 30995 | D:10     | XOM: divination: magic mapping
 31527 | D:10     | XOM: give mutations
 31527 | D:10     | Gained mutation: You are agile. (Dex +4, Str/Int -1) [Xom's
                  | grace]
 31527 | D:10     | Gained mutation: You are mostly covered in iridescent
                  | scales. (AC +4) [Xom's grace]
 31527 | D:10     | Gained mutation: You are very agile. (Dex +8, Str/Int -2)
                  | [Xom's grace]
 31527 | D:10     | Gained mutation: You are robust. (+10% HP) [Xom's grace]
 31749 | D:10     | XOM: scenery: 3 doors close
 32074 | Vaults:1 | Entered Level 1 of the Vaults
 32075 | Vaults:1 | XOM: scenery: 1 doors open
 32089 | Vaults:1 | XOM: summons 3 friendly demons
 32105 | Vaults:1 | XOM: polymorph lindwurm -> rime drake
 32194 | Vaults:1 | XOM: divination: detect items
 32224 | Vaults:1 | XOM: summons friendly ufetubus
 32243 | Vaults:1 | Reached XP level 20. HP: 96/160 MP: 0/0
 32367 | Vaults:1 | XOM: give mutation
 32367 | Vaults:1 | Lost mutation: You are robust. (+10% HP) [Xom's mischief]
 32410 | Vaults:1 | XOM: potion effect (haste)
 32433 | Vaults:1 | XOM: give mutation
 32433 | Vaults:1 | Gained mutation: Your movements are slightly less
                  | encumbered by armour. (ER -2) [Xom's grace]
 32565 | Vaults:1 | XOM: scenery: 1 doors open
 32790 | Vaults:1 | XOM: silly message
 32806 | Vaults:1 | XOM: blink monster(s)
 32900 | Vaults:1 | XOM: scenery: 1 doors open, 2 doors close
 33064 | Vaults:1 | Found Baij's General Store.
 33662 | Vaults:2 | Reached skill level 15 in Dodging
 33676 | Vaults:2 | XOM: cast spell 'Summon Horrible Things'
 33923 | Vaults:2 | XOM: 8-stop teleportation journey
 33965 | Vaults:2 | XOM: polymorph yaktaur -> bullfrog
 33969 | Vaults:2 | Noticed Sojobo
 33985 | Vaults:2 | XOM: smoke on damage
 34149 | Vaults:2 | XOM: enchant monster (bad)
 34180 | Vaults:2 | XOM: summons 4 friendly demons
 34198 | Vaults:2 | XOM: confuse monster(s)
 34209 | Vaults:2 | Killed Sojobo
 34539 | Vaults:2 | XOM: 1-stop teleportation journey
 34575 | Vaults:2 | XOM: confusion
 34576 | Vaults:2 | XOM: silly message
 34580 | Vaults:2 | XOM: swap monsters
 34593 | Vaults:2 | Reached skill level 17 in Air Magic
 34706 | Vaults:2 | Found a staircase to the Crypt.
 34707 | Vaults:2 | Found a basalt altar of Yredelemnul.
 34803 | Vaults:2 | XOM: scenery: create altars
 34951 | Vaults:2 | XOM: cleaving
 34957 | Vaults:2 | XOM: summons 6 friendly demons
 35056 | Vaults:2 | XOM: cast spell 'Iskenderun's Battlesphere'
 35065 | Vaults:2 | XOM: divination: detect creatures
 35247 | Vaults:2 | XOM: enchant monster (good)
 35253 | Vaults:2 | Reached skill level 10 in Shields
 35344 | Vaults:2 | XOM: give mutation
 35344 | Vaults:2 | Lost mutation: You are mostly covered in iridescent scales.
                  | (AC +4) [Xom's mischief]
 35621 | D:6      | XOM: draining
 36253 | D:6      | XOM: stat loss: -1 Dex (38/39)
 36415 | D:6      | XOM: give mutation
 36415 | D:6      | Gained mutation: You occasionally shout uncontrollably at
                  | your foes. [Xom's mischief]
 37283 | D:6      | XOM: scenery: create altars
 37382 | D:6      | XOM: give mutations
 37382 | D:6      | Gained mutation: You possess an exceptional clarity of
                  | mind. [Xom's grace]
 37382 | D:6      | Gained mutation: You are mostly covered in iridescent
                  | scales. (AC +4) [Xom's grace]
 37382 | D:6      | Gained mutation: Your spells are a little harder to cast,
                  | but a little more powerful. [Xom's grace]
 37574 | D:6      | XOM: cloud trail
 38267 | D:6      | XOM: cloud trail
 38374 | D:6      | XOM: scenery: summon butterflies
 38890 | D:6      | XOM is BORED!
 39371 | D:6      | XOM: god gift: potion of heal wounds
 39389 | D:6      | XOM: scenery: create altars
 39637 | D:6      | XOM: summons 11 hostile demons
 39715 | D:7      | XOM: summons 6 hostile demons
 40487 | D:6      | XOM: draining
 40946 | D:6      | XOM: silly message
 41357 | D:6      | XOM: torment (54/105 hp)
 41390 | D:6      | XOM: silly message
 42253 | D:6      | XOM: scenery: summon butterflies
 42456 | D:6      | XOM: give mutations
 42456 | D:6      | Gained mutation: Your muscles are strong. (Str +4, Int/Dex
                  | -1) [Xom's grace]
 42502 | D:6      | Identified the staff of Animal Spirits {rF+ rC++ Fire} (Xom
                  | gifted it to you on level 6 of the Dungeon)
 42502 | D:6      | XOM: god gift: staff of Animal Spirits {rF+ rC++ Fire}
 42932 | D:6      | XOM: stat loss: -1 Int (8/9)
 43392 | D:6      | XOM: give mutations
 43392 | D:6      | Lost mutation: You are very agile. (Dex +8, Str/Int -2)
                  | [Xom's mischief]
 43392 | D:6      | Lost mutation: You are mostly covered in iridescent scales.
                  | (AC +4) [Xom's mischief]
 43392 | D:6      | Lost mutation: You have a pair of horns on your head.
                  | [Xom's mischief]
 43727 | D:6      | XOM: stat loss: -1 Dex (32/34)
 43857 | D:6      | XOM: silly message
 44036 | D:6      | XOM: god gift: 5 large rocks
 44129 | D:6      | XOM: silly message
 44188 | D:6      | XOM: silly message
 44462 | D:6      | XOM is BORED!
 44552 | D:6      | XOM: silly message
 44612 | D:6      | XOM: noise
 44839 | D:6      | XOM is BORED!
 44839 | D:6      | XOM: give mutations
 44839 | D:6      | Lost mutation: You have very sharp teeth. [Xom's mischief]
 44839 | D:6      | Gained mutation: You occasionally lose the ability to read
                  | scrolls when taking damage. [Xom's mischief]
 44839 | D:6      | Lost mutation: You are partially covered in iridescent
                  | scales. (AC +2) [Xom's mischief]
 44839 | D:6      | Lost mutation: You are agile. (Dex +4, Str/Int -1) [Xom's
                  | mischief]
 45744 | D:6      | XOM: summons 7 hostile demons
 45747 | D:7      | Lost mutation: Your movements are slightly less encumbered
                  | by armour. (ER -2) [potion of mutation]
 45747 | D:7      | Lost mutation: You are very vulnerable to cold. (rC--)
                  | [potion of mutation]
 45747 | D:7      | Gained mutation: Your muscles are very strong. (Str +8,
                  | Int/Dex -2) [potion of mutation]
 45747 | D:7      | Gained mutation: You are strong-willed. (Will+) [potion of
                  | mutation]
 46014 | Shoals:3 | XOM: god gift: scroll of poison
 46137 | Shoals:3 | Noticed Polyphemus
 46138 | Shoals:3 | Reached XP level 21. HP: 120/129 MP: 0/0
 46138 | Shoals:3 | Learned a level 8 spell: Infestation
 46168 | Shoals:3 | Polyphemus changed into something unseen
 46168 | Shoals:3 | XOM: polymorph Polyphemus -> something unseen
 46266 | Shoals:2 | XOM: scenery: summon butterflies
 46298 | Shoals:3 | XOM: cast spell 'Dispersal'
 46302 | Shoals:3 | XOM: confuse monster(s)
 46328 | Shoals:3 | Killed Polyphemus the ghost moth
 46702 | Vaults:3 | XOM: enchant monster (good)
 46837 | Vaults:2 | XOM: summons 2 hostile shadow creatures
 47137 | Elf:1    | Entered Level 1 of the Elven Halls
 47312 | Elf:1    | XOM: give mutations
 47312 | Elf:1    | Gained mutation: Your flesh is almost immune to the effects
                  | of heat. (rF+++) [Xom's mischief]
 47312 | Elf:1    | Gained mutation: You are agile. (Dex +4, Str/Int -1) [Xom's
                  | mischief]
 47312 | Elf:1    | Lost mutation: Your spells are a little harder to cast, but
                  | a little more powerful. [Xom's mischief]
 47312 | Elf:1    | Lost mutation: You are agile. (Dex +4, Str/Int -1) [Xom's
                  | mischief]
 47317 | Elf:1    | XOM: give mutations
 47317 | Elf:1    | Gained mutation: You occasionally lose the ability to drink
                  | potions when taking damage. [Xom's mischief]
 47317 | Elf:1    | Lost mutation: You possess an exceptional clarity of mind.
                  | [Xom's mischief]
 47334 | Elf:1    | Paralysed by an air elemental for 1 turns
 47339 | Elf:1    | Paralysed by an air elemental for 1 turns
 47341 | Elf:1    | XOM: scenery: 3 fountains blood, 1 doors open
 47344 | Elf:1    | HP: 7/153 [+2 glaive of protection (16)]
 47346 | Elf:1    | Mangled by a +2 glaive of protection

Illustrated notes

Levels and vault maps discovered:
D:1:      minmay_arrival_four_loops, layout_basic, minmay_tetromino_o4
D:2:      layout_basic, basic_altar, kennysheep_generic_room_14
D:3:      layout_rooms, uniq_ijyb, uniq_sigmund
D:4:      layout_loops_corners, gammafunk_ghost_necromancy
D:5:      layout_basic, minmay_temple_entry_tees, hangedman_decor_slide_cut,
          uniq_duvessa
D:6:      layout_rooms, serial_curves, eino_curves_04, eino_curves_01,
          serial_shops, nicolae_shop_gibbet_a_chance,
          minmay_fractal_squares_gapless_5, uniq_prince_ribbit1
D:7:      layout_basic, minmay_statues_item, uniq_maurice
D:8:      layout_gridville, serial_shops, nicolae_shop_stone
D:9:      layout_irregular_city, kennysheep_little_box, minivault_16
D:10:     layout_stronghold, enter_bailey_5, uniq_grum
D:11:     layout_big_octagon, lair_entry_dummy
D:12:     layout_rooms, erik_orc_2
D:13:     layout_roguey, serial_shops, shop
D:14:     layout_basic, hangedman_vaults_entry_quadrant_bands,
          gammafunk_ghost_spectres, nrook_pool_corridor
D:15:     hangedman_depths_entry_try_elsewhere_first, layout_irregular_city,
          uniq_louise, uniq_agnes
Lair:1:   lemuel_reptile_caves, layout_misc_corridors,
          chequers_serial_rivers_small_3, nicolae_lair_grove_arrangements
Lair:2:   layout_cave_pods, cheibrodos_lair_lostbears, uniq_erica
Lair:3:   layout_cave_pods, elwin_shoals_entry_stream,
          hellmonk_spider_entry_life_and_decay, basic_altar,
          serial_bayou_shore_b
Lair:4:   layout_roguey, nicolae_slime_entry_slimehenge,
          infiniplex_staircase_pool, serial_bayou_shore_a, grunt_megastairs_1
Lair:5:   hangedman_lair_in_review, layout_regular_city, wormcave,
          serial_bayou_shore_b
Shoals:1: layout_shoals, uniq_roxanne
Shoals:2: layout_shoals, nicolae_shop_gadgets
Shoals:3: layout_shoals, nicolae_shoals_lost_giant_pillars,
          nicolae_shoals_aquamancer_cove, uniq_polyphemus
Spider:1: layout_spider_delve, spiders_nest_spider_trap
Spider:2: layout_cave_pods, gammafunk_ghost_grave, drop_trap,
          hangedman_spider_tarantella_strand, uniq_arachne
Spider:3: spiders_nest_scorpion_pit
Spider:4: floodkiller_spider_rune_tomb, uniq_mara, uniq_nikola
Orc:1:    layout_caves, serial_shops, shop_fountains,
          nicolae_orc_sculptors_studio, guppyfry_library_mini, uniq_jorgrun
Orc:2:    pubby_orc_utopia
Elf:1:    eino_elf_arrival_sip, layout_geoelf_octagon,
          nicolae_elf_shapeshifter_party, minmay_elf_necromancy,
          grunt_megastairs_4, minmay_shop_star
Vaults:1: v_alt_pattern_1, vaults_dpeg_spiral, vaults_mumra_hex,
          vaults_mumra_chevron, ontoclasm_vaults_loading_screen,
          nicolae_vaults_shelves_hall, nicolae_vaults_mini_display_case,
          nicolae_vaults_house_1, nicolae_vaults_tetromino_T_2,
          layout_vaults_omnigrid, serial_shops, nicolae_shop_tiny_waterfront
Vaults:2: nicolae_vaults_network_quinsquares
          [nicolae_vaults_network_quincunx_subvault,
          nicolae_vaults_network_quincunx_subvault,
          nicolae_vaults_network_quincunx_subvault,
          nicolae_vaults_network_quincunx_subvault], nicolae_vaults_tangram_1,
          v_rooms_5, vaults_room_corners, v_misc_8, grunt_vaults_trifunnel,
          v_misc_28, minmay_crypt_entry_necro_gods, nicolae_vaults_diamond_1,
          gargoyle_guard, v_alt_pattern_6, vaults_room_stairs_pillars,
          layout_vaults_omnicross, uniq_sojobo
Vaults:3: nicolae_vaults_storage_room_glass, hangedman_vaults_impose,
          ontoclasm_vaults_ring_square, nicolae_vaults_trapezoid_lopsided_3,
          nicolae_vaults_variable_pillar_hall_cross, vaults_dpeg_hooks,
          nicolae_vaults_closet_pinwheel_1, nicolae_vaults_layer_cake_slice,
          v_pattern_1, nicolae_vaults_hexular_roomagon, hangedman_vaults_snaps,
          nicolae_vaults_closet_pinwheel_1,
          nicolae_vaults_shipping_containers_4, layout_vaults_maze_bifur,
          serial_shops, shop

Skill      XL: |  1  2  3  4  5  6  7  8  9 10 11 12 13 14 15 16 17 18 19 20 |
---------------+-------------------------------------------------------------+-----
Spellcasting   | 1 2 3 4 5 6 7 9 10 11 12 13 14 | 14.2
Conjurations   | 1 2 3 4 5 6 7 9 10 11 12 13 14 | 14.2
Hexes          | 1 2 3 4 5 6 7 9 10 11 12 13 14 | 14.2
Summonings     | 1 2 3 4 5 6 7 9 10 11 12 13 14 | 14.2
Necromancy     | 1 2 3 4 5 6 7 9 10 11 12 13 14 | 14.2
Translocations | 1 2 3 4 5 6 7 9 10 11 12 13 14 | 14.2
Fire Magic     | 1 2 3 4 5 6 7 9 10 11 12 13 14 | 14.2
Ice Magic      | 1 2 3 4 5 6 7 9 10 11 12 13 14 | 14.2
Air Magic      | 1 2 3 4 5 6 7 9 11 12 13 15 16 17 | 17.5
Earth Magic    | 1 2 3 4 5 6 7 9 10 11 12 13 14 | 14.2
Alchemy        | 1 2 3 4 5 6 7 9 10 11 12 13 14 | 14.2
Long Blades    | 3 4 5 6 7 9 10 11 12 13 | 13.3
Armour         | 2 3 4 5 6 7 8 9 10 11 12 13 14 | 14.2
Dodging        | 3 4 5 7 8 9 10 11 12 13 14 15 | 15.5
Evocations     | 1 2 3 4 5 6 7 9 10 11 12 | 12.0
Fighting       | 4 5 6 7 8 9 10 11 12 13 14 | 14.4
Shields        | 2 5 8 10 | 10.5

Action                     |  1- 3 |  4- 6 |  7- 9 | 10-12 | 13-15 | 16-18 | 19-21 || total
---------------------------+-------+-------+-------+-------+-------+-------+-------++-------
  Melee: Falchion          |    90 |   148 |   234 |   613 |    53 |       |       ||  1138
         Punch             |     1 |     3 |     3 |       |       |       |       ||     7
         Headbutt          |       |       |       |   121 |   164 |   444 |   387 ||  1116
         Scimitar          |       |       |       |       |   477 |  1377 |  1110 ||  2964
         Bite              |       |       |       |       |       |       |   101 ||   101
   Cast: Inner Flame       |       |       |    14 |    22 |    24 |    38 |     7 ||   105
         Momentum Strike   |       |       |     2 |       |       |       |       ||     2
         Confusing Touch   |       |       |       |     2 |     5 |     1 |     5 ||    13
         Slow              |       |       |       |     1 |     1 |     1 |       ||     3
         Fulminant Prism   |       |       |       |     1 |     1 |       |       ||     2
         Bombard           |       |       |       |       |       |     3 |     2 ||     5
  Evoke: Wand              |       |       |       |     2 |     2 |     3 |     1 ||     8
         Phial of floods   |       |       |       |     1 |     2 |     2 |       ||     5
         Lightning rod     |       |       |       |       |       |       |     7 ||     7
         Condenser vane    |       |       |       |       |       |       |     1 ||     1
    Use: Scroll            |       |     1 |     6 |     7 |     6 |    17 |     8 ||    45
         Potion            |       |       |       |     1 |       |     2 |     7 ||    10
   Stab: Sleeping          |     2 |     1 |     2 |     1 |     2 |     8 |     6 ||    22
         Confused          |       |       |     4 |     9 |     8 |     7 |    16 ||    44
         Petrifying        |       |       |       |     2 |       |       |     1 ||     3
         Paralysed         |       |       |       |     4 |     1 |       |       ||     5
         Invisible         |       |       |       |     1 |       |       |     4 ||     5
         Held in net/web   |       |       |       |     1 |       |       |       ||     1
         Distracted        |       |       |       |     3 |     1 |     3 |     5 ||    12
         Petrified         |       |       |       |       |     6 |       |    11 ||    17
 Armour: Leather armour    |    48 |   135 |    87 |       |       |       |       ||   270
         Troll leather arm |       |       |    51 |   506 |   352 |   634 |   220 ||  1763
         Acid dragon scale |       |       |       |       |       |       |   287 ||   287
  Dodge: Dodged            |    65 |   184 |   205 |   491 |   365 |   977 |   726 ||  3013
  Block: Other             |       |       |    45 |    11 |       |       |       ||    56
         Reflection        |       |       |     2 |    17 |     2 |    59 |    88 ||   168
         Kite shield       |       |       |       |   662 |   508 |  1907 |  1433 ||  4510

Table legend: (Time is in decaauts)
 A = Elapsed time spent in this place.
 B = Non-inter-level travel time spent in this place.
 C = Inter-level travel time spent in this place.
 D = Time resting spent in this place.
 E = Time spent auto-exploring this place.
 F = Levels seen in this place.
 G = Mean time per level.
                   A        B        C        D        E       F      G
               +--------+--------+--------+--------+--------+-----+--------+
         Total |  47732 |  44213 |   3519 |  14977 |  19299 |  34 | 1403.9 |
       Dungeon |  25037 |  23692 |   1345 |  12249 |   8370 |  15 | 1669.1 |
          Lair |   7637 |   6609 |   1028 |    843 |   3444 |   5 | 1527.4 |
        Shoals |   2169 |   2015 |    154 |    154 |   1308 |   3 |  723.0 |
   Spider Nest |   6383 |   5803 |    580 |   1071 |   2710 |   4 | 1595.8 |
  Orcish Mines |   2292 |   2110 |    182 |      3 |   1267 |   2 | 1146.0 |
   Elven Halls |    201 |    201 |      0 |      0 |    131 |   1 |  201.0 |
        Vaults |   3596 |   3367 |    229 |    575 |   1972 |   3 | 1198.7 |
        Bailey |    415 |    415 |      0 |     82 |     97 |   1 |  415.0 |
               +--------+--------+--------+--------+--------+-----+--------+

Top non-repeatable levels by time:
     D:6: 10853 daAuts
Spider:4: 2883 daAuts
    D:10: 2566 daAuts
Vaults:2: 2062 daAuts
  Lair:2: 1930 daAuts
  Lair:5: 1861 daAuts
   Orc:2: 1611 daAuts
  Lair:3: 1600 daAuts
Vaults:1: 1464 daAuts
    D:14: 1430 daAuts
Spider:2: 1411 daAuts
     D:1: 1280 daAuts
Spider:1: 1224 daAuts
  Lair:1: 1171 daAuts
  Lair:4: 1074 daAuts
